 Dungeon Crawl Stone Soup version 0.30.1-4-g462c640d31 (webtiles) character file.

Game seed: 2279241419233875745

2 croobank the Sneak (level 1, 0/16 HPs)
             Began as an Octopode Delver on Aug 14, 2023.
             Slain by a sleepcap (9 damage)
             ... on level 4 of the Dungeon.
             The game lasted 00:01:16 (174 turns).

croobank the Sneak (Octopode Delver)                 Turns: 174, Time: 00:01:17

Health: 0/16       AC:  1    Str: 11    XL:     1   Next: 40%
Magic:  1/1        EV: 13    Int: 12    God:
Gold:   12         SH:  0    Dex: 13    Spells: 0/0 levels left

rFire   . . .        a - +0 short sword
rCold   . . .        (no shield)
rNeg    . . .        (helmet restricted)
rPois   .            (no amulet)
rElec   .            g - ring of flight
rCorr   .            (no ring)
SInv    .            (no ring)
Will    .....        (no ring)
Stlth   ++++         (no ring)
HPRegen 0.22/turn    (no ring)
MPRegen 0.07/turn    (no ring)
                     (no ring)

%: no passive effects
@: flying
A: almost no armour, amphibious, 8 rings, camouflage 1, gelatinous body 1,
(nimble swimmer 1), tentacles
a: no special abilities


You were on level 4 of the Dungeon.
You visited 1 branch of the dungeon, and saw 3 of its levels.

You collected 12 gold pieces.

Inventory:

Hand Weapons
 a - a +0 short sword (weapon)
Jewellery
 g - a ring of flight (left tentacle)
Wands
 f - a wand of digging (3)
 i - a wand of mindburst (17)
Scrolls
 b - a scroll of fog
 c - a scroll of magic mapping
 d - a scroll of fear
Potions
 e - 2 potions of haste
 h - a potion of mutation {unknown}


   Skills:
 + Level 3.0 Fighting
 + Level 2.0 Short Blades
 + Level 2.0 Dodging
 + Level 6.6 Stealth


You couldn't memorise any spells.
You didn't know any spells.
Your spell library was empty.

Dungeon Overview and Level Annotations

Branches:
Dungeon (6/15)
 Temple: D:4-7

Altars:


Innate Abilities, Weirdness & Mutations

You cannot wear most types of armour.
You are amphibious.
You can wear up to eight rings at the same time.
Your skin changes colour to match your surroundings (Stealth+).
Your rubbery body absorbs attacks. (AC +1, EV +1)
((You are camouflaged when in or above water. (Stealth+)))
You have tentacles for arms and can constrict up to eight enemies at once.


Message History

Found an escape hatch in the floor.
There is an escape hatch in the floor here.
e - 2 potions of haste (gained 1)
An orc priest comes into view. It is wielding a +0 dagger.
A giant cockroach comes into view.
The giant cockroach bites you.
You hit the giant cockroach. Your grab misses the giant cockroach.
The giant cockroach is severely wounded.
The giant cockroach barely misses you.
You completely miss the giant cockroach.
You grab the giant cockroach.
The giant cockroach is severely wounded.
You constrict the giant cockroach.
You kill the giant cockroach!
You see here a giant cockroach corpse.
A kobold comes into view. It is wielding a +0 short sword.
The helpless kobold fails to defend itself.
You puncture the kobold!
You kill the kobold!
Things that are here:
a +0 short sword; a kobold corpse
i - a wand of mindburst (17)
A sleepcap comes into view.
Aiming: Mindburst
Press: ? - help, Shift-Dir - straight line, f - you That would be overly suicidal.
Okay, then.
The sleepcap releases spores at you.
You are engulfed in a cloud of soporific spores!
You fall asleep.
The sleepcap releases spores at you.
You wake up.
You hit the sleepcap. You grab the sleepcap.
The sleepcap is lightly damaged.
You constrict the sleepcap, but do no damage.
The sleepcap closely misses you.
You hit the sleepcap but do no damage. You squeeze the sleepcap.
The sleepcap is moderately damaged.
You constrict the sleepcap. The sleepcap releases spores at you!
Ouch! That really hurt!
You die...

## #...
########.###
..........# #
#....#.#.#.#
#.###.........
#..).....####
#...........#
##.......##@#
#.#....#..#f......
#.#....#.#.####...
#.##.#.#.#... #.
#.#.#.#####
#.##.#.#.#
#.#....#.#
#.#..###.# #....#
#.#


You could see a sleepcap.

Vanquished Creatures
  A giant cockroach (D:4)
  A kobold (D:4)
2 creatures vanquished.

Notes
Turn   | Place    | Note
-------+----------+-------------------------------------------
     0 | D:5      | croobank the Octopode Delver began the quest for the Orb.
     0 | D:5      | Reached XP level 1. HP: 16/16 MP: 1/1
     7 | D:6      | Noticed a scorpion
    66 | D:5      | Noticed an ice beast
   111 | D:4      | Noticed an orc priest
   170 | D:4      | Noticed a sleepcap
   174 | D:4      | Slain by a sleepcap

Illustrated notes

Levels and vault maps discovered:
D:4:      layout_loops_ring, slow_altar_1, ebering_ghost_disaster_area,
          uniq_ijyb
D:5:      layout_rooms, nicolae_overflow_quartered_altars
D:6:      layout_cave_pools, general_overflow_altar, gammafunk_ghost_grave,
          serial_bayou_lagoon_b

Action                     || total
---------------------------++-------
  Melee: Short sword       ||     5
         Constrict         ||     2
         Tentacles         ||     1
   Stab: Sleeping          ||     1
  Dodge: Dodged            ||     2
